 Dungeon Crawl Stone Soup version 0.18-a0-1799-g6250cb2 (webtiles) character file.

2322 Ijustatesigmund the Grappler (level 9, -5/88 HPs)
             Began as a Troll Hunter on Apr 23, 2016.
             Was an Initiate of Okawaru.
             Slain by a yak (15 damage)
             ... on level 7 of the Dungeon.
             The game lasted 02:52:33 (5840 turns).

Ijustatesigmund the Grappler (Troll Hunter)         Turns: 5840, Time: 02:52:34

Health: -5/88      AC:  8    Str: 27    XL:     9   Next: 19%
Magic:  8/8        EV: 11    Int:  7    God:    Okawaru [......]
Gold:   297        SH:  0    Dex: 13    Spells: 0 memorised, 8 levels left

rFire  . . .     SeeInvis .       - Unarmed
rCold  . . .     Gourm    +     b - +1 robe
rNeg   . . .     Faith    .     (no shield)
rPois  .         Spirit   .     (helmet restricted)
rElec  .         Dismiss  .     n - +1 cloak
rCorr  .         Reflect  .     (gloves unavailable)
SustAt .         Harm     .     (boots unavailable)
MR     .....                    (no amulet)
Stlth  +.........               (no ring)
                                (no ring)

@: mighty, not resistant to hostile enchantments, very unstealthy
A: unfitting armour, claws 3, fast metabolism 3, gourmand, regeneration 2,
shaggy fur 1, tough skin 2
a: Renounce Religion


You were on level 7 of the Dungeon.
You worshipped Okawaru.
Okawaru was noncommittal.
You were very full.

You visited 2 branches of the dungeon, and saw 9 of its levels.
You also visited: Sewer and Ossuary.

You collected 387 gold pieces.
You spent 90 gold pieces at shops.

Inventory:

Missiles
 c - 5 large rocks (quivered)
 d - 4 throwing nets
Armour
 b - a +1 robe (worn)
 n - a +1 cloak (worn)
Wands
 w - a wand of hasting (3/9)
Scrolls
 g - 2 scrolls of identify
 i - a scroll of teleportation
 j - 8 scrolls of remove curse
 k - a scroll of recharging
 o - 3 scrolls of magic mapping
Potions
 a - 2 potions of flight
 e - a potion of invisibility
 h - a potion of mutation
 m - 2 potions of curing
 p - a potion of lignification
 q - 3 potions of agility
 r - 2 potions of haste
 s - a potion of resistance
 x - a potion of brilliance
Books
 l - a book of Envenomations

   Spells                             Type                      Level
   a - Spider Form                    Transmutation/Poison         3
   b - Olgreb's Toxic Radiance        Poison                       4
   c - Alistair's Intoxication        Transmutation/Poison         5
   d - Poisonous Cloud                Conjuration/Poison/Air       6
 v - a book of the Warp

   Spells                             Type                      Level
   a - Recall                         Summoning/Translocation      3
   b - Gell's Gravitas                Hexes/Translocation          3
   c - Force Lance                    Conjuration/Translocation    4
   d - Warp Weapon                    Charms/Translocation         5
   e - Summon Forest                  Summoning/Translocation      5
Comestibles
 f - 4 bread rations
 z - 6 fruits
 A - a meat ration


   Skills:
 - Level 5.1 Fighting
 - Level 3.6 Throwing
 + Level 4.0 Dodging
 - Level 0.4 Stealth
 + Level 9.7 Unarmed Combat


You had 8 spell levels left.
You didn't know any spells.

Dungeon Overview and Level Annotations

Branches:
Dungeon (8/15)             Temple (1/1) D:6            Lair (0/8) D:8

Altars:
Ashenzari
Dithmenos
Elyvilon
Fedhas
Gozag
Makhleb
Okawaru
Pakellas
Qazlal
Ru
Sif Muna
Trog
Vehumet
Xom
Yredelemnul
Zin

Annotations:
D:8 poirepourri's ghost, novice GrFi


Innate Abilities, Weirdness & Mutations

You are too large for most types of armour.
You have claws for hands.
Your metabolism is lightning-fast.
You like to eat raw meat.
You heal very quickly.
You are covered in fur (AC +1).
You have very tough skin (AC +2).


Message History

The hippogriff pecks you but does no damage.
The hippogriff claws you. The yak gores you!
You mangle the hippogriff!! Your claw misses the hippogriff.
The hippogriff is severely wounded.
The river rat bites you! The hippogriff bites you.
* * * LOW HITPOINT WARNING * * *
The hippogriff pecks you.
* * * LOW HITPOINT WARNING * * *
The hippogriff claws you.
* * * LOW HITPOINT WARNING * * *
The yak barely misses you.
You barely miss the hippogriff.
The hippogriff is severely wounded.
The river rat bites you.
* * * LOW HITPOINT WARNING * * *
The hippogriff bites you.
* * * LOW HITPOINT WARNING * * *
The hippogriff pecks you but does no damage.
The hippogriff barely misses you. The yak gores you!
You die...

.....................#####
.#...............#...#
.###.............#...#
...).............#.###
..))...###......##.#
.))##<.....##...##.#
.#.##.#...###...#..##
.)....#..##.....H...#
................@r..#
.####.#..##.....Y...#
.##.........####..###
.##.#.#####.# #..#
.[....## #.####..#
......<# #.......#
.......# #.......#
.......# #.......##
.......####.......[#


You could see a yak, a hippogriff and a river rat.

Vanquished Creatures
  A wraith (Ossuary)
  The ghost of ilikecats the Conjurer, an amateur HECj (Ossuary)
  2 phantoms
  3 ogres
  5 giant frogs
  A scorpion (D:4)
  4 wights
  6 crimson imps
  A giant frog zombie (D:6)
  A centaur zombie (D:7)
  2 hounds
  An orc priest (D:7)
  Ijyb (D:3)
  6 orc wizards
  3 worker ants
  A mummy (Ossuary)
  A hound skeleton (D:5)
  7 gnolls (D:4)
  17 adders
  A river rat (D:8)
  A shadow imp (D:5)
  7 oozes
  An adder skeleton (D:5)
  3 worms (D:2)
  2 dart slugs
  11 giant geckos
  16 orcs
  8 ball pythons (Sewer)
  6 bats
  13 giant cockroaches
  8 goblins
  7 hobgoblins
  3 jackals (D:2)
  5 quokkas
  12 giant newts
  12 gnoll skeletons (Ossuary)
  7 kobolds
  6 kobold skeletons (Ossuary)
  7 orc skeletons (Ossuary)
  12 rats
212 creatures vanquished.

Notes
Turn   | Place    | Note
--------------------------------------------------------------
     0 | D:1      | Ijustatesigmund the Troll Hunter began the quest for the Orb.
     0 | D:1      | Reached XP level 1. HP: 19/19 MP: 0/0
    77 | D:1      | Reached skill level 1 in Unarmed Combat
   264 | D:1      | Reached XP level 2. HP: 28/28 MP: 1/1
   420 | D:1      | Reached skill level 2 in Unarmed Combat
   739 | D:2      | Reached XP level 3. HP: 29/35 MP: 2/2
   762 | D:2      | Found Zin's Purification Station.
   780 | D:2      | Found a glowing silver altar of Zin.
   875 | D:2      | Bought a potion of curing for 90 gold pieces
   894 | D:2      | Reached skill level 3 in Unarmed Combat
   904 | D:2      | Reached XP level 4. HP: 37/42 MP: 3/3
  1209 | D:2      | Found a shadowy altar of Dithmenos.
  1220 | D:2      | Found a shimmering altar of Xom.
  1413 | D:3      | Noticed Ijyb
  1424 | D:3      | Killed Ijyb
  1480 | D:3      | Found a shattered altar of Ashenzari.
  1527 | D:3      | Found an oddly glowing altar of Pakellas.
  1554 | D:3      | Reached skill level 4 in Unarmed Combat
  1554 | D:3      | Reached XP level 5. HP: 46/50 MP: 4/4
  1657 | D:3      | Noticed an ogre
  1660 | D:3      | Killed an ogre
  1769 | D:3      | Noticed an ogre
  1772 | D:3      | Reached skill level 5 in Unarmed Combat
  1772 | D:3      | Reached XP level 6. HP: 58/61 MP: 5/5
  2155 | D:4      | Reached skill level 6 in Unarmed Combat
  2161 | D:4      | Reached XP level 7. HP: 63/68 MP: 6/6
  2360 | D:4      | Found a burning altar of Makhleb.
  2379 | D:4      | Found a glowing drain.
  2390 | Sewer    | Entered a sewer
  2697 | Sewer    | Reached skill level 7 in Unarmed Combat
  2963 | D:4      | Found a stormy altar of Qazlal.
  3023 | D:5      | Entered Level 5 of the Dungeon
  3072 | D:5      | Reached XP level 8. HP: 63/79 MP: 7/7
  3080 | D:5      | Found a sand-covered staircase.
  3089 | Ossuary  | Entered an ossuary
  3184 | Ossuary  | Noticed ilikecats's ghost (amateur HECj)
  3191 | Ossuary  | Killed ilikecats's ghost
  3191 | Ossuary  | Reached skill level 8 in Unarmed Combat
  3254 | Ossuary  | Reached skill level 5 in Fighting
  3859 | D:6      | Reached skill level 9 in Unarmed Combat
  4777 | D:6      | Found a staircase to the Ecumenical Temple.
  4788 | Temple   | Entered the Ecumenical Temple
  4793 | Temple   | Became a worshipper of Warmaster Okawaru
  5375 | D:7      | Reached XP level 9. HP: 87/88 MP: 8/8
  5753 | D:7      | Found a deep blue altar of Sif Muna.
  5829 | D:8      | Found a staircase to the Lair.
  5829 | D:8      | Noticed poirepourri's ghost (novice GrFi)
  5840 | D:7      | Slain by a yak

Vault maps used:
D:1:      ncdulo_wetmaze
D:2:      minitemple, zin_purify
D:3:      ashenzari_conservatory_becter, first_bread, grunt_pakellas_sulfur,
          uniq_iyjb
D:4:      nicolae_qazlal_eye_of_the_storm, lemuel_round_altar,
          portal_sewer_entry_b
D:5:      chequers_ossuary_entry_cave
D:6:      minmay_temple_entry_butterflies
D:7:      lemuel_blue_sif_altar
D:8:      nemelex_xobeh_ov_fountains_minmay, slow_altar_2,
          minmay_lair_entry_grove, basic_altar, serial_shops, shop,
          hangedman_tree_tricks
Temple:   temple_eino_lava_8
Sewer:    sewer_frog_island_02
Ossuary:  ossuary_due_mausoleum

Skill      XL: |  1  2  3  4  5  6  7  8  9 |
---------------+----------------------------+-----
Unarmed Combat | 1 2 3 4 5 6 7 9 |  9.7
Fighting       | 2 3 4 5 |  5.1
Dodging        | 3 4 |  4.0
Throwing       | |  3.6
Stealth        | |  0.4

Action                   |  1- 3 |  4- 6 |  7- 9 || total
-------------------------+-------+-------+-------++-------
Melee: Unarmed           |    92 |   134 |   414 ||   640
       Punch             |     1 |     1 |     9 ||    11
Throw: Large rock        |     3 |     3 |     9 ||    15
  Use: Scroll            |       |     8 |    15 ||    23
       Potion            |       |       |     4 ||     4
 Stab: Sleeping          |     1 |       |     3 ||     4
  Eat: Chunk             |    14 |    11 |    26 ||    51
       Bread ration      |       |       |     1 ||     1
       Royal jelly       |       |       |     1 ||     1
       Fruit             |       |       |     1 ||     1
Armor: Robe              |    22 |    35 |   143 ||   200
Dodge: Dodged            |    38 |    67 |   205 ||   310
